 Dungeon Crawl Stone Soup version 0.28-a0-1629-gf728b707aa (webtiles) character file.

Game seed: 16355009086565855512

600 fragbeetle the Chiller (level 7, -2/51 HPs)
             Began as a Merfolk Ice Elementalist on Jan 24, 2022.
             Slain by an ogre (13 damage)
             ... on level 5 of the Dungeon.
             The game lasted 00:09:21 (6615 turns).

fragbeetle the Chiller (Merfolk Ice Elementalist)   Turns: 6615, Time: 00:09:22

Health: -2/51      AC:  9    Str:  8    XL:     7   Next: 41%
Magic:  5/10       EV: 14    Int: 15    God:
Gold:   171        SH:  0    Dex: 16    Spells: 1/10 levels left

rFire   . . .      SeeInvis .   b - +2 dagger (elec)
rCold   . . .      Faith    .   (no shield)
rNeg    . . .      Spirit   .   a - +0 robe
rPois   .          Reflect  .   (no helmet)
rElec   .          Harm     .   n - +0 cloak
rCorr   .          Rampage  .   (no gloves)
Will    .....                   (no boots)
Stlth   +++.......              (no amulet)
HPRegen 0.17/turn               (no ring)
MPRegen 0.12/turn               (no ring)

@: ice-armoured
A: (nimble swimmer 2), mertail
a: no special abilities


You were on level 5 of the Dungeon.
You visited 1 branch of the dungeon, and saw 5 of its levels.

You collected 171 gold pieces.

Inventory:

Hand Weapons
 b - a +2 dagger of electrocution (weapon)
 d - a +0 whip
 f - a +0 spear
 m - a +0 halberd
 y - a +0 whip
Armour
 a - a +0 robe (worn)
 n - a +0 cloak (worn)
Magical Staves
 s - a staff of poison
 x - a staff of death
Wands
 o - a wand of paralysis (8)
Scrolls
 c - a scroll of enchant armour {unknown}
 g - 4 scrolls of identify {unknown}
 l - 2 scrolls of blinking {unknown}
 p - a scroll of summoning {unknown}
 r - a scroll of magic mapping {unknown}
 t - a scroll of brand weapon {unknown}
 v - a scroll of immolation {unknown}
 w - a scroll of amnesia {unknown}
Potions
 e - 2 potions of haste {unknown}
 h - a potion of attraction {unknown}
 i - 2 potions of flight {unknown}
 j - a potion of curing {unknown}
 k - 2 potions of might {unknown}
 q - a potion of resistance {unknown}
 u - a potion of berserk rage {unknown}
 z - a potion of degeneration {unknown}


   Skills:
 + Level 2.5 Fighting
 * Level 4.9 Polearms
 + Level 4.5 Dodging
 + Level 4.0 Stealth
 - Level 2.2 Spellcasting
 * Level 2.0 Hexes
 * Level 6.2 Ice Magic


You had one spell level left.
You knew the following spells:

 Your Spells              Type           Power      Damage    Failure   Level
a - Freeze                Ice            80%        1d9       1%          1
b - Frozen Ramparts       Ice            40%        1d6       4%          3
c - Ozocubu's Armour      Ice            20%        N/A       4%          3
d - Ensorcelled Hibernat  Hex/Ice        28%        N/A       6%          2

Your spell library contained the following spells:

 Spells                   Type           Power      Damage    Failure   Level
 Passwall                 Tmut/Erth      0%         N/A       32%         2
 Hailstorm                Conj/Ice       10%        3d5       52%         4
 Swiftness                Air            1%         N/A       54%         3
 Blade Hands              Tmut           0%         N/A       99%         5
 Irradiate                Conj/Tmut      0%         3d14      99%         5
 Dragon Form              Tmut           0%         N/A       100%        7


Dungeon Overview and Level Annotations

Branches:
Dungeon (5/15)
 Temple: D:4-7

Altars:
Yredelemnul

Shops:
D:1 =   D:4 (

Annotations:
D:5 Duvessa


Innate Abilities, Weirdness & Mutations

((You are very nimble when in or above water. (Stealth+, EV+, Speed+++)))
Your lower body shifts to a powerful aquatic tail in water.


Message History

The wall freezes the orc wizard.
The wall freezes the ogre.
The wall freezes the orc priest.
You kill the orc priest!
The wall freezes the orc wizard.
The orc wizard gestures at you while chanting.
The puff of flame hits you.
The wall freezes the ogre.
The wall freezes the orc.
The heat melts your icy armour.
The wall freezes the orc wizard.
The orc wizard gestures wildly while chanting.
The orc wizard flickers and vanishes!
Deactivating autopickup; reactivate with Ctrl-A.
The wall freezes the ogre.
The wall freezes the orc.
The wall freezes the jelly.
The wall freezes something.
Reactivating autopickup.
You feel a bit more experienced.
A howler monkey comes into view.
The wall freezes the ogre.
The wall freezes the orc.
Your Hexes skill increases to level 2!
You swing at nothing.
The howler monkey howls!
The wall freezes the jelly.
The wall freezes the ogre.
The wall freezes the orc.
You kill the orc!
The wall freezes the howler monkey.
You hit the ogre. You punch the ogre.
The ogre is heavily wounded.
The wall freezes the jelly.
The wall freezes the ogre.
The ogre hits you with a +0 giant club!
* * * LOW HITPOINT WARNING * * *
The wall freezes the howler monkey.
You hit the ogre.
The ogre is heavily wounded.
The frozen ramparts melt away.
The ogre barely misses you.
You barely miss the ogre.
The ogre is heavily wounded.
You barely miss the ogre.
The ogre is heavily wounded.
The ogre hits you with a +0 giant club!
You die...

. ...
.....############
....JhO@.>.......
...#.####.######
#.# .# #.# ##.#
#.# #<.# #.# #..#
#.#.# #(# #..#
.###.#.# #.# #..#
....#.# #.# #..#
#


You could see an ogre, a howler monkey and a jelly.

Vanquished Creatures
  Eustachio (D:5)
  Menkaure (D:5)
  A jelly (D:5)
  2 orc priests (D:5)
  2 orc wizards
  7 gnolls
  3 adders
  An adder skeleton (D:4)
  2 worms
  9 orcs
  7 bats
  12 endoplasms
  A giant cockroach (D:4)
  6 goblins (D:1)
  9 hobgoblins
  6 kobolds
  5 quokkas
  7 ball pythons
  A frilled lizard (D:1)
  3 rats (D:1)
86 creatures vanquished.

Notes
Turn   | Place    | Note
-------+----------+-------------------------------------------
     0 | D:1      | fragbeetle the Merfolk Ice Elementalist began the quest for
                  | the Orb.
     0 | D:1      | Reached XP level 1. HP: 13/13 MP: 3/3
   274 | D:1      | Reached XP level 2. HP: 10/19 MP: 1/5
   835 | D:1      | Reached XP level 3. HP: 17/24 MP: 4/6
   978 | D:1      | Learned a level 3 spell: Frozen Ramparts
  1241 | D:1      | Found a faded altar of an unknown god.
  1405 | D:1      | Found Usellebb's Jewellery Emporium.
  1856 | D:2      | Reached skill level 1 in Polearms
  2151 | D:2      | Reached skill level 5 in Ice Magic
  2151 | D:2      | Reached XP level 4. HP: 31/31 MP: 7/7
  2155 | D:2      | Learned a level 3 spell: Ozocubu's Armour
  2537 | D:2      | Reached skill level 1 in Fighting
  3524 | D:3      | Reached XP level 5. HP: 23/37 MP: 4/8
  5576 | D:4      | Found Plog's Antique Weapon Shop.
  5769 | D:5      | Entered Level 5 of the Dungeon
  5769 | D:5      | Found a basalt altar of Yredelemnul.
  5784 | D:5      | Reached XP level 6. HP: 40/44 MP: 9/9
  5787 | D:5      | Learned a level 2 spell: Ensorcelled Hibernation
  5846 | D:5      | Noticed Duvessa
  5866 | D:5      | Noticed Menkaure
  5901 | D:5      | Killed Menkaure
  5902 | D:5      | Reached skill level 1 in Hexes
  6095 | D:5      | Noticed Eustachio
  6126 | D:5      | Killed Eustachio
  6127 | D:5      | Reached skill level 6 in Ice Magic
  6127 | D:5      | Reached XP level 7. HP: 36/51 MP: 1/10
  6615 | D:5      | Slain by an ogre

Illustrated notes

Levels and vault maps discovered:
D:1:      onia_arrival_mini_maze, layout_loops_ring, serial_shops, shop,
          ebering_ecumenical_altar_webs, dk_noncrumbling_4,
          minmay_small_reverse_x
D:2:      layout_basic
D:3:      layout_basic, nrook_uturn
D:4:      layout_layer_cave, serial_shops, kennysheep_mini
D:5:      layout_basic, yredelemnul_altar_generic, uniq_grinder, uniq_duvessa,
          uniq_blork_the_orc, uniq_crazy_yiuf_cottage, uniq_prince_ribbit1,
          uniq_eustachio, uniq_menkaure

Skill      XL: |  1  2  3  4  5  6  7 |
---------------+----------------------+-----
Dodging        | 3 4 |  4.5
Polearms       | 1 2 3 4 |  4.9
Ice Magic      | 5 6 |  6.2
Fighting       | 1 2 |  2.5
Stealth        | 3 4 |  4.0
Hexes          | 1 2 |  2.0
Spellcasting   | |  2.2

Action                   |  1- 3 |  4- 6 |  7- 9 || total
-------------------------+-------+-------+-------++-------
Melee: Whip              |     7 |       |       ||     7
       Dagger            |    81 |    74 |     7 ||   162
       Punch             |       |     2 |     1 ||     3
 Cast: Freeze            |    23 |    21 |       ||    44
       Frozen Ramparts   |       |     7 |     2 ||     9
       Ozocubu's Armour  |       |     4 |     2 ||     6
 Stab: Sleeping          |    11 |     9 |       ||    20
Armor: Robe              |    14 |    10 |       ||    24
Dodge: Dodged            |    65 |    40 |     2 ||   107

Table legend: (Time is in decaauts)
 A = Elapsed time spent in this place.
 B = Non-inter-level travel time spent in this place.
 C = Inter-level travel time spent in this place.
 D = Time resting spent in this place.
 E = Time spent auto-exploring this place.
 F = Levels seen in this place.
 G = Mean time per level.
                   A        B        C        D        E       F      G
               +--------+--------+--------+--------+--------+-----+--------+
         Total |   6615 |   6284 |    331 |    229 |   5223 |   5 | 1323.0 |
       Dungeon |   6615 |   6284 |    331 |    229 |   5223 |   5 | 1323.0 |
               +--------+--------+--------+--------+--------+-----+--------+

Top non-repeatable levels by time:
     D:1: 2040 daAuts
     D:4: 1570 daAuts
     D:2: 1133 daAuts
     D:3: 1107 daAuts
     D:5: 763 daAuts
